Map: Catalyst LE

Players

LiquidTLO (TLO)

  • Race: Zerg Zerg
  • Spawn Location: 5:00

JieShi - Winner!

  • Race: Protoss Protoss
  • Spawn Location: 11:00

Event: WCS Austin 2018

VOD

Have the link to the VOD?

Description

Time

  • Played on: June 1, 2018, 10:19 p.m.
  • Length: 19:02

All games in this series

Show
View Real Time Build Order
Export as new Build Order

LiquidTLO Zerg 

Build Orders: Hatch First 

Get SALT Encoding   

  12  0:00  Drone  
  13  0:09  Drone  
  14  0:17  Overlord  
  14  0:35  Drone x2  
  16  0:47  Hatchery  
  15  0:52  Drone  
  17  0:57  Drone  
  17  1:01  Drone  
  18  1:05  Extractor  
  17  1:15  Spawning Pool  
  16  1:19  Drone  
  16  1:23  Drone  
  18  1:34  Drone  
  19  1:46  Drone  
  20  1:53  Drone  
  21  2:01  Overlord  
  21  2:02  Queen, Zergling x2  
  21  2:08  Queen  
  24  2:11  Drone  
  27  2:16  Metabolic Boost  
  27  2:21  Zergling x2  
  29  2:22  Drone  
  29  2:26  Drone  
  30  2:36  Drone  
  31  2:43  Drone  
  32  2:51  Drone  
  32  2:54  Overlord  
  32  2:55  Drone  
  32  2:57  Hatchery  
  33  3:02  Drone  
  33  3:04  Zergling x2  
  36  3:05  Zergling x2  
  36  3:12  Zergling x2  
  37  3:15  Drone  
  37  3:17  Drone  
  40  3:20  Drone, Queen  
  40  3:22  Zergling x2  
  40  3:24  Drone  
  40  3:26  Overlord  
  43  3:27  Overlord  
  43  3:31  Overlord  
  42  3:35  Overlord  
  42  3:41  Drone  
  42  3:43  Overlord  
  42  3:48  Spore Crawler  
  39  3:53  Spore Crawler, Drone  
  39  3:54  Drone  
  40  3:56  Drone  
  40  4:00  Drone  
  40  4:02  Drone  
  43  4:03  Drone  
  43  4:07  Drone  
  43  4:09  Drone  
  46  4:12  Drone  
  46  4:13  Queen  
  47  4:19  Drone  
  47  4:22  Spore Crawler, Drone x2  
  47  4:24  Drone  
  50  4:25  Drone  
  50  4:28  Drone  
  50  4:29  Drone  
  53  4:34  Drone x2, Extractor  
  53  4:35  Extractor  
  53  4:39  Lair  
  53  4:42  Drone  
  53  4:45  Drone x2  
  56  4:47  Drone  
  57  4:53  Drone, Roach Warren  
  57  4:56  Drone  
  57  4:57  Drone  
  57  4:59  Drone  
  60  5:04  Drone x2  
  60  5:05  Drone x2  
  64  5:07  Overlord  
  64  5:13  Drone x2  
  66  5:15  Overlord  
  66  5:16  Extractor  
  66  5:18  Overlord  
  65  5:22  Evolution Chamber  
  65  5:25  Drone x2  
  65  5:26  Drone x3  
  69  5:31  Drone  
  69  5:33  Roach x2  
  69  5:35  Roach, Extractor  
  75  5:38  Glial Reconstitution  
  75  5:40  Roach  
  77  5:43  Roach  
  77  5:45  Roach  
  77  5:48  Roach  
  83  5:50  Roach  
  83  5:51  Drone x2  
  83  5:54  Roach  
  83  5:56  Overlord  
  89  5:58  Roach  
  89  6:02  Overlord  
  89  6:04  Roach  
  93  6:05  Overlord  
  93  6:08  Roach  
  93  6:09  Roach  
  97  6:15  Roach  
  99  6:19  Roach  
  99  6:23  Pneumatized Carapace  
  101  6:26  Queen x2  
  101  6:27  Roach x2  
  101  6:29  Roach x2  
  115  6:32  Roach  
  115  6:33  Roach  
  115  6:36  Zerg Missile Weapons Level 1  
  115  6:39  Roach  
  119  6:40  Roach  
  119  6:41  Roach  
  119  6:46  Roach x2  
  125  6:54  Roach x2  
  125  6:56  Overlord x3  
  129  7:05  Overlord  
  129  7:14  Ravager x3  
  129  7:15  Ravager x5  
  136  7:16  Zergling x22  
  136  7:18  Zergling x2  
  136  7:19  Zergling x2  
  149  7:25  Roach x2  
  149  7:26  Roach  
  149  7:27  Roach  
  155  7:33  Ravager  
  155  7:36  Zergling x4  
  158  7:40  Zergling x2  
  158  7:41  Overlord  
  158  7:42  Ravager  
  158  7:43  Ravager  
  161  7:51  Roach x2  
  142  7:53  Roach  
  142  7:56  Roach  
  142  7:57  Roach  
  142  7:58  Roach  
  133  7:59  Roach, Queen x2  
  133  8:00  Queen  
  133  8:01  Roach  
  133  8:02  Roach  
  133  8:03  Zergling x2  
  145  8:06  Roach  
  145  8:08  Zergling x2  
  145  8:10  Roach  
  145  8:11  Roach  
  145  8:12  Zergling x2  
  146  8:13  Roach  
  146  8:15  Roach  
  146  8:16  Roach  
  138  8:20  Roach  
  138  8:21  Roach  
  138  8:25  Roach  
  144  8:28  Roach x2, Ravager  
  144  8:29  Ravager  
  144  8:31  Roach x2  
  154  8:35  Queen  
  154  8:37  Roach, Extractor  
  157  8:45  Roach  
  152  9:00  Queen  
  152  9:01  Baneling Nest  
  150  9:10  Overlord  
  150  9:12  Overlord x2, Hatchery  
  146  9:22  Overlord x3  
  146  9:30  Overlord x3, Queen x2  
  150  9:31  Ravager x2  
  150  9:32  Ravager x3  
  150  9:33  Ravager  
  150  9:35  Roach  
  158  9:39  Zerg Missile Weapons Level 2  
  158  9:41  Drone x2  
  158  9:44  Drone x2  
  162  9:46  Drone  
  162  9:47  Overseer  
  163  9:53  Zergling x4  
  163  9:55  Zergling x2  
  163  9:56  Zergling x4  
  163  9:59  Drone, Zergling x2  
  171  10:00  Zergling x2  
  171  10:01  Zergling x4  
  171  10:04  Zergling x2  
  173  10:09  Ravager  
  173  10:11  Centrifical Hooks  
  173  10:13  Zergling x8  
  178  10:22  Drone  
  178  10:24  Queen  
  178  10:28  Zergling x2, Hydralisk Den, Nydus Network  
  180  10:34  Zergling x2  
  181  10:37  Overlord  
  181  10:42  Overlord  
  178  10:45  Zergling x2  
  178  10:46  Zergling x4  
  178  10:47  Zergling x4  
  178  10:48  Zergling x2  
  184  10:52  Baneling  
  184  10:53  Baneling x13  
  184  10:54  Zergling x2  
  185  11:02  Drone  
  186  11:10  Muscular Augments  
  186  11:14  Drone  
  186  11:17  Baneling x2  
  186  11:18  Baneling x15  
  185  11:19  Drone  
  185  11:20  Roach x2  
  185  11:21  Roach  
  185  11:24  Drone x3  
  193  11:31  Zergling x2  
  193  11:32  Overlord  
  194  11:33  Zergling x2  
  194  11:37  Overlord  
  195  11:41  Nydus Canal  
  195  11:52  Overlord, Roach  
  195  11:53  Roach  
  199  11:54  Overlord  
  199  11:56  Roach  
  199  12:03  Zergling x2  
  198  12:11  Drone  
  198  12:13  Zerg Melee Weapons Level 1  
  196  12:17  Roach  
  196  12:18  Roach  
  196  12:19  Nydus Canal  
  166  12:44  Roach x6  
  127  12:45  Hydralisk x11  
  127  12:49  Roach  
  146  12:53  Roach  
  146  12:58  Roach  
  133  13:01  Roach  
  133  13:02  Roach  
  117  13:07  Overseer  
  117  13:09  Roach  
  113  13:12  Roach  
  113  13:18  Hydralisk  
  107  13:25  Drone  
  107  13:26  Zergling x6  
  109  13:32  Drone  
  109  13:33  Drone  
  111  13:35  Drone  
  111  13:37  Zergling x2  
  113  13:42  Zergling x2  
  113  13:43  Zergling x2  
  113  13:44  Grooved Spines  
  113  13:45  Baneling  
  113  13:47  Baneling  
  115  13:52  Baneling x4  
  115  13:57  Lurker Den  
  115  13:58  Drone  
  115  14:04  Nydus Canal  
  115  14:09  Hydralisk  
  115  14:15  Hydralisk  
  119  14:17  Hydralisk  
  119  14:23  Hydralisk  
  122  14:27  Zergling x2  
  121  14:33  Ravager x7  
  121  14:35  Hydralisk  
  121  14:37  Baneling  
  121  14:38  Baneling x3  
  130  14:42  Hydralisk  
  130  14:45  Hydralisk  
  132  14:50  Overlord  
  134  14:57  Overlord, Overseer  
  134  14:59  Hydralisk  
  132  15:02  Overlord  
  132  15:04  Overlord  
  132  15:10  Zergling x2  
  132  15:14  Zergling x2  
  134  15:15  Zergling x4  
  134  15:16  Zergling x2  
  134  15:19  Zergling x2  
  134  15:20  Zergling x2  
  132  15:26  Lurker x2  
  132  15:27  Lurker  
  123  15:35  Zergling x12  
  128  15:37  Overseer  
  128  15:39  Zergling x2  
  128  15:42  Zergling x2  
  126  15:44  Drone  
  126  15:45  Zergling x2  
  127  15:55  Lurker x2  
  127  16:06  Hatchery  
  127  16:10  Lurker x2  
  128  16:16  Hydralisk x2  
  123  16:25  Hydralisk x3  
  121  16:29  Drone  
  121  16:31  Overseer  
  128  16:35  Zergling x4  
  128  16:36  Zergling x4  
  130  16:41  Hydralisk  
  128  16:48  Hydralisk x2  
  128  16:53  Hydralisk  
  132  16:58  Nydus Canal  
  128  17:07  Hydralisk x2  
  128  17:08  Hydralisk  
  97  17:14  Lurker  
  89  17:20  Queen  
  89  17:22  Hydralisk  
  93  17:25  Hydralisk  
  95  17:33  Hydralisk  
  95  17:34  Hydralisk  
  99  17:37  Hydralisk  
  99  17:41  Drone  
  99  17:43  Hydralisk  
  104  17:53  Hydralisk  
  104  17:54  Hydralisk  
  104  17:57  Drone  
  104  17:58  Drone x2  
  109  18:02  Zergling x2  
  109  18:04  Lurker x2  
  109  18:12  Overseer  
  109  18:16  Overlord  
  99  18:34  Nydus Canal  
  99  18:37  Hydralisk x3  
Show
View Real Time Build Order
Export as new Build Order

JieShi Protoss - Winner!

Build Orders: 1 Gate Expand, Oracle Opening, Phoenix Opening, Archon Immortal, Zealot Archon, Archon Drop 

Get SALT Encoding   

  12  0:00  Probe  
  13  0:12  Probe  
  14  0:18  Pylon  
  14  0:24  Probe  
  15  0:33  Probe  
  15  0:39  Gateway  
  15  0:41  Probe  
  17  0:51  Probe  
  17  0:53  Assimilator  
  18  1:03  Probe  
  19  1:15  Probe  
  20  1:26  Pylon  
  20  1:33  Nexus  
  20  1:42  Probe, Cybernetics Core  
  21  1:48  Assimilator  
  21  1:54  Probe  
  21  1:56  Pylon  
  22  2:06  Probe  
  23  2:09  Adept  
  23  2:19  Probe  
  26  2:25  Stargate  
  26  2:28  Adept  
  26  2:31  Probe  
  29  2:40  Warp Gate  
  29  2:41  Probe  
  29  2:43  Pylon, Probe  
  30  2:49  Probe  
  31  2:55  Probe  
  33  2:59  Probe  
  33  3:00  Adept  
  33  3:02  Oracle  
  36  3:12  Probe  
  40  3:16  Probe  
  41  3:24  Probe  
  41  3:28  Probe  
  41  3:36  Probe  
  41  3:40  Phoenix, Probe  
  45  3:48  Probe  
  42  3:52  Gateway, Probe  
  42  3:54  Pylon  
  43  4:00  Probe  
  44  4:04  Assimilator, Probe  
  44  4:06  Assimilator  
  44  4:08  Pylon  
  45  4:12  Probe  
  45  4:16  Probe  
  47  4:20  Probe  
  47  4:21  Robotics Facility  
  47  4:22  Twilight Council  
  47  4:24  Pylon  
  47  4:28  Probe x2  
  49  4:36  Gateway  
  49  4:37  Gateway  
  50  4:38  Probe  
  51  4:46  Probe  
  51  4:50  Zealot x2  
  51  4:52  Probe  
  57  4:59  Probe  
  58  5:04  Templar Archives  
  58  5:05  Warp Prism  
  58  5:13  Nexus  
  58  5:21  Pylon  
  60  5:25  Charge  
  60  5:29  Forge  
  60  5:34  Observer  
  61  5:43  Gateway  
  61  5:44  Gateway  
  61  5:46  Shield Battery  
  61  5:52  Protoss Ground Weapons Level 1  
  61  5:59  High Templar x4  
  61  6:04  Archon x2  
  69  6:05  Gateway x2, Immortal  
  69  6:06  Probe x2  
  71  6:18  Probe x2  
  77  6:24  Probe  
  77  6:30  Probe x2  
  77  6:31  Shield Battery  
  77  6:32  Probe  
  80  6:35  Immortal  
  81  6:42  Probe  
  81  6:44  Sentry, Probe  
  81  6:46  Zealot x2  
  93  6:52  Pylon  
  93  6:56  Pylon  
  93  7:01  Assimilator  
  93  7:04  Pylon  
  93  7:06  Assimilator  
  93  7:10  Probe, Pylon  
  93  7:12  High Templar  
  93  7:13  Zealot, High Templar  
  100  7:19  Archon, Zealot x2  
  100  7:20  Zealot, Shield Battery  
  106  7:23  Pylon  
  106  7:25  Immortal  
  110  7:33  Zealot, High Templar x2  
  112  7:37  Archon  
  112  7:40  Zealot x3  
  118  7:50  Zealot x2  
  114  7:53  Immortal  
  114  7:58  Zealot  
  100  8:01  Zealot x3, Protoss Ground Weapons Level 2  
  94  8:07  Zealot x2  
  86  8:13  Zealot x2  
  86  8:19  High Templar  
  91  8:21  High Templar  
  91  8:22  Zealot x2, Immortal  
  95  8:27  Archon  
  95  8:29  Shield Battery, Photon Cannon  
  99  8:36  Zealot x2  
  103  8:41  Zealot, Sentry  
  103  8:46  Zealot x2  
  109  8:52  Zealot  
  107  9:00  Zealot, Immortal, High Templar x2  
  113  9:03  Zealot  
  113  9:04  Archon  
  113  9:08  Zealot x3  
  125  9:19  Zealot  
  125  9:21  Zealot  
  126  9:26  Zealot  
  126  9:29  High Templar  
  126  9:30  High Templar  
  132  9:33  Pylon  
  132  9:34  Pylon  
  132  9:35  Pylon  
  132  9:36  Archon  
  132  9:39  Pylon  
  132  9:41  Observer  
  132  9:43  Photon Cannon  
  132  9:45  Shield Battery  
  133  9:56  Pylon  
  133  9:59  Zealot x3, High Templar x2  
  141  10:00  Zealot  
  141  10:03  Archon  
  141  10:05  Zealot x2  
  145  10:11  Immortal  
  147  10:22  Zealot x2, High Templar x2  
  147  10:26  Protoss Ground Weapons Level 3  
  147  10:27  Zealot  
  147  10:28  Zealot  
  159  10:35  Archon, Zealot x2  
  161  10:40  Warp Prism  
  162  10:44  Pylon  
  162  10:45  Pylon  
  164  10:59  Dark Shrine  
  164  11:02  Pylon  
  162  11:04  Zealot, High Templar x2  
  162  11:05  Zealot  
  162  11:07  Immortal  
  162  11:09  Archon  
  164  11:13  Pylon  
  168  11:19  Psionic Storm  
  166  11:37  High Templar  
  166  11:38  High Templar  
  170  11:41  Immortal  
  170  11:50  Pylon, Photon Cannon  
  174  11:55  Photon Cannon  
  174  11:56  Shield Battery  
  166  12:11  Zealot x5  
  166  12:12  Zealot x3  
  178  12:23  Immortal  
  180  12:32  Zealot x4  
  158  12:40  Zealot  
  158  12:41  Zealot x2  
  136  12:46  Zealot  
  125  12:56  Zealot x4  
  121  13:02  Dark Templar  
  121  13:05  High Templar  
  108  13:06  Observer  
  108  13:09  Dark Templar  
  104  13:13  Dark Templar  
  104  13:17  Dark Templar  
  104  13:18  Probe  
  105  13:27  Probe  
  106  13:30  High Templar x3  
  112  13:35  Probe  
  112  13:36  Archon x3  
  112  13:37  High Templar  
  112  13:38  High Templar, Probe x2  
  115  13:46  Probe x2  
  118  13:50  Zealot, High Templar  
  123  14:01  High Templar  
  123  14:02  Zealot x3  
  127  14:20  Dark Templar  
  127  14:21  Probe  
  127  14:22  Nexus  
  123  14:29  Probe  
  123  14:31  Zealot, High Templar  
  123  14:39  Probe  
  123  14:42  Zealot, High Templar  
  128  14:48  Archon  
  124  14:56  Probe x3  
  124  14:58  Stalker x2  
  127  15:00  Zealot, High Templar  
  131  15:08  Probe  
  132  15:17  Archon x2  
  127  15:21  Zealot x2  
  127  15:22  Zealot x2  
  131  15:28  High Templar x2  
  131  15:29  Zealot  
  131  15:32  Probe  
  131  15:33  Zealot  
  131  15:34  Probe  
  131  15:35  Probe x2  
  142  15:41  Observer  
  144  15:56  High Templar x2  
  146  15:57  Zealot x4  
  146  16:00  Immortal  
  146  16:01  Archon, Probe  
  146  16:02  Pylon  
  157  16:13  Probe  
  157  16:18  Zealot x2  
  158  16:29  Dark Templar x2  
  162  16:33  Zealot x3  
  162  16:35  Zealot  
  164  16:40  Zealot  
  151  16:54  Zealot  
  151  16:55  Sentry  
  151  16:56  Zealot x3  
  159  17:01  Zealot  
  151  17:11  Observer  
  150  17:17  Nexus  
  151  17:41  Oracle, High Templar x2  
  151  17:42  Zealot x2, High Templar x2  
  163  17:45  Archon x2  
  163  17:46  Archon  
  163  17:58  Observer  
  154  18:08  Pylon  
  154  18:16  Observer  
  151  18:23  Probe  
  152  18:29  Zealot x4, Dark Templar  
  162  18:34  Observer  
  155  18:43  Zealot x3  
  133  18:55  Zealot x2  
Tags
 
Add a new tag
Caveats
  • Supply blocks, unpowered buildings, or Contaminate may cause inaccurate times.
  • Supply counts are checked every 10 seconds.